Map: Frozen Temple

Players

SpaceMarine - Winner!

  • Race: Protoss Protoss
  • League: Grandmaster

Miszu

  • Race: Terran Terran
  • League: Master

VOD

Have the link to the VOD?

Description

Time

  • Played on: April 6, 2016, 1:37 p.m.
  • Length: 16:18
Show
View Real Time Build Order
Export as new Build Order

SpaceMarine Protoss - Winner!

Build Orders: 1 Gate Expand, Blink Stalkers 

Get SALT Encoding   

  12  0:01  Probe (Chrono Boost)  
  13  0:11  Probe (Chrono Boost)  
  14  0:17  Pylon  
  14  0:22  Probe (Chrono Boost)  
  16  0:35  Probe (Chrono Boost)  
  16  0:37  Gateway  
  16  0:42  Assimilator  
  16  0:46  Probe (Chrono Boost)  
  17  0:56  Probe (Chrono Boost)  
  18  1:07  Probe (Chrono Boost)  
  19  1:22  Nexus  
  19  1:24  Probe (Chrono Boost)  
  20  1:34  Cybernetics Core  
  20  1:35  Probe (Chrono Boost)  
  21  1:44  Assimilator  
  21  1:46  Probe (Chrono Boost)  
  22  1:57  Probe (Chrono Boost)  
  23  2:01  Pylon  
  23  2:10  Warp Gate (Chrono Boost)  
  23  2:19  Twilight Council  
  23  2:20  Probe (Chrono Boost)  
  24  2:30  Probe (Chrono Boost)  
  24  2:35  Probe (Chrono Boost)  
  26  2:41  Mothership Core (Chrono Boost)  
  28  2:45  Probe (Chrono Boost)  
  29  2:55  Probe  
  29  2:57  Gateway  
  30  3:00  Gateway, Probe  
  30  3:03  Blink (Chrono Boost)  
  30  3:05  Probe  
  31  3:08  Assimilator  
  33  3:12  Probe  
  33  3:16  Probe  
  34  3:22  Robotics Facility  
  34  3:24  Probe  
  35  3:29  Pylon, Probe  
  36  3:37  Probe  
  36  3:40  Probe  
  37  3:43  Pylon  
  38  3:49  Probe  
  39  3:58  Probe  
  40  4:07  Stalker  
  40  4:08  Stalker x2  
  46  4:17  Pylon  
  44  4:22  Probe x2  
  44  4:34  Pylon  
  40  4:45  Probe x2  
  39  4:46  Observer (Chrono Boost)  
  39  4:51  Stalker  
  42  4:57  Probe x2 (Chrono Boost)  
  42  4:58  Stalker  
  47  5:07  Observer (Chrono Boost)  
  47  5:09  Probe x2 (Chrono Boost)  
  49  5:18  Sentry  
  49  5:20  Probe (Chrono Boost)  
  52  5:23  Probe (Chrono Boost)  
  52  5:27  Nexus  
  53  5:28  Pylon  
  53  5:30  Observer  
  53  5:32  Probe (Chrono Boost)  
  53  5:34  Probe (Chrono Boost)  
  56  5:41  Assimilator  
  57  5:42  Probe (Chrono Boost)  
  57  5:44  Probe (Chrono Boost)  
  58  5:51  Forge  
  58  5:54  Probe (Chrono Boost)  
  58  5:55  Forge  
  59  5:59  Probe (Chrono Boost)  
  59  6:02  Immortal  
  64  6:04  Probe (Chrono Boost)  
  64  6:09  Probe (Chrono Boost)  
  66  6:15  Probe (Chrono Boost)  
  66  6:17  Stalker x2  
  71  6:20  Probe (Chrono Boost)  
  71  6:22  Stalker  
  75  6:25  Probe (Chrono Boost)  
  75  6:26  Protoss Ground Armor Level 1  
  75  6:29  Protoss Ground Weapons Level 1  
  75  6:32  Probe (Chrono Boost)  
  76  6:36  Probe (Chrono Boost)  
  77  6:40  Probe (Chrono Boost)  
  77  6:42  Probe (Chrono Boost)  
  77  6:43  Immortal  
  83  6:49  Probe (Chrono Boost)  
  83  6:52  Probe (Chrono Boost)  
  83  6:53  Resonating Glaives (Chrono Boost)  
  85  6:57  Probe (Chrono Boost)  
  85  7:00  Probe (Chrono Boost)  
  87  7:05  Probe (Chrono Boost)  
  88  7:09  Pylon  
  88  7:12  Probe (Chrono Boost)  
  89  7:16  Probe (Chrono Boost)  
  89  7:17  Probe (Chrono Boost)  
  89  7:21  Gateway  
  89  7:22  Gateway  
  91  7:24  Gateway  
  89  7:39  Adept x3, Immortal  
  89  7:42  Gateway x2  
  99  7:46  Gateway x2  
  99  7:52  Templar Archives  
  99  8:05  Adept x2  
  99  8:06  Adept  
  99  8:12  Pylon  
  105  8:13  Pylon  
  105  8:14  Pylon  
  105  8:21  Immortal  
  109  8:32  Adept x2  
  109  8:33  Adept x4  
  107  8:52  Adept x4  
  99  8:56  Adept  
  99  8:58  Adept x5  
  99  9:00  Immortal  
  99  9:18  Stalker x8  
  99  9:23  Stalker  
  89  9:51  Nexus  
  89  9:52  Protoss Ground Weapons Level 2 (Chrono Boost)  
  89  10:02  Protoss Ground Armor Level 2 (Chrono Boost)  
  89  10:13  Probe x2  
  89  10:17  Templar Archives  
  89  10:19  Sentry  
  89  10:21  Immortal  
  95  10:26  Probe  
  96  10:30  Adept x2  
  100  10:41  Psionic Storm, Probe x2  
  101  10:51  Pylon  
  101  10:53  Probe  
  102  11:03  High Templar x2, Pylon  
  100  11:05  High Templar, Probe  
  100  11:06  Probe x2  
  100  11:08  Assimilator  
  100  11:10  Assimilator  
  105  11:17  Adept x4  
  105  11:18  Adept  
  115  11:26  Nexus  
  111  11:39  Adept  
  99  11:40  Adept x3  
  99  11:42  Sentry  
  99  11:45  Stalker  
  99  11:46  Stalker  
  111  11:57  Stalker x3  
  111  12:12  Stalker x5  
  111  12:14  High Templar  
  115  12:38  Adept x4  
  115  12:39  Adept x5  
  133  12:58  Protoss Ground Weapons Level 3 (Chrono Boost), Protoss Ground Armor Level 3 (Chrono Boost)  
  133  13:02  Probe  
  133  13:03  Probe x2  
  133  13:05  Probe  
  137  13:15  Probe x2  
  137  13:16  Assimilator  
  137  13:18  Assimilator  
  139  13:20  Pylon, Stalker  
  139  13:21  High Templar x2, Stalker  
  139  13:25  Archon  
  147  13:43  Stalker x4  
  147  13:46  Pylon  
  147  13:47  Pylon  
  155  13:49  Pylon  
  155  13:50  Pylon x2  
  140  14:21  Stalker x4  
  140  14:22  Stalker x6  
  139  14:43  Immortal  
  141  14:46  Adept  
  141  14:47  Adept  
  141  14:50  Adept  
  141  14:51  Adept x6  
  159  14:54  Stargate  
  158  15:03  Assimilator  
  154  15:15  Adept x4  
  162  15:33  High Templar x2  
  162  15:34  Immortal  
  156  15:51  Nexus  
  156  15:53  Pylon  
  156  15:55  Pylon  
Show
View Real Time Build Order
Export as new Build Order

Miszu Terran 

Build Orders: 1/1/1, Liberator Opening, MMM Bio 

Get SALT Encoding   

  12  0:00  SCV  
  13  0:13  SCV  
  14  0:18  Supply Depot  
  14  0:25  SCV  
  15  0:34  Refinery  
  15  0:40  SCV  
  16  0:45  Barracks  
  16  0:52  SCV  
  17  1:04  SCV  
  18  1:16  SCV  
  20  1:34  Marine, Orbital Command  
  20  1:37  Factory  
  20  1:47  Supply Depot  
  20  1:59  SCV  
  21  2:04  Marine  
  22  2:12  SCV  
  23  2:21  Starport  
  23  2:22  Marine, Hellion  
  26  2:24  SCV  
  26  2:25  Supply Depot  
  27  2:36  SCV  
  28  2:40  Marine  
  28  2:43  Hellion  
  31  2:48  Supply Depot, SCV  
  32  2:56  Refinery  
  32  2:57  Medivac  
  32  2:58  Marine  
  35  3:00  SCV  
  35  3:04  Hellion  
  38  3:10  Supply Depot  
  38  3:13  SCV  
  38  3:16  Marine  
  38  3:19  Liberator  
  40  3:33  SCV  
  42  3:40  Command Center  
  45  3:44  Factory Tech Lab  
  45  3:45  SCV  
  45  3:46  Barracks Reactor  
  45  3:58  SCV  
  45  4:10  SCV  
  40  4:22  SCV  
  41  4:24  Marine x2  
  41  4:25  Siege Tank  
  41  4:26  Barracks  
  41  4:28  Barracks  
  46  4:34  SCV  
  45  4:44  Marine x2  
  43  4:46  SCV  
  43  4:51  Starport Reactor  
  45  4:53  Orbital Command  
  45  4:58  SCV  
  45  5:00  Siege Tank  
  48  5:10  SCV  
  48  5:11  Bunker  
  49  5:15  Barracks Tech Lab x2  
  49  5:20  Marine  
  49  5:21  Marine, SCV  
  51  5:22  SCV  
  53  5:29  Medivac  
  53  5:33  Refinery, SCV  
  53  5:34  Marine x2, SCV  
  59  5:37  Siege Tank  
  59  5:38  Marine  
  63  5:43  Marine  
  63  5:45  SCV  
  63  5:46  SCV  
  63  5:47  Supply Depot  
  66  5:52  Marine, Stimpack  
  66  5:53  Marine  
  66  5:57  Marine  
  68  5:58  SCV  
  68  6:03  Barracks  
  70  6:05  Barracks  
  70  6:07  Engineering Bay  
  70  6:09  SCV  
  70  6:10  SCV  
  72  6:11  Supply Depot  
  72  6:13  Marine  
  72  6:17  Siege Tank  
  76  6:20  Medivac  
  78  6:26  Refinery  
  78  6:29  Supply Depot  
  78  6:33  Marine x2, Marauder, SCV x2  
  84  6:42  Missile Turret  
  84  6:43  Supply Depot  
  84  6:45  SCV x2  
  86  6:50  Barracks Reactor, Marine x2, Liberator, Missile Turret  
  86  6:52  Barracks Tech Lab  
  88  7:00  Liberator  
  88  7:02  Supply Depot  
  88  7:03  Terran Infantry Weapons Level 1  
  93  7:18  Marine x3, Marauder x2  
  101  7:36  Marine, Marauder  
  102  7:39  Marauder  
  102  7:43  Marine  
  102  7:44  Marauder  
  107  7:46  Combat Shields  
  107  7:48  Supply Depot  
  107  7:49  Supply Depot  
  107  7:52  Liberator  
  107  7:58  Marauder  
  108  8:01  Marauder  
  110  8:05  Command Center  
  110  8:09  Marine x2  
  110  8:10  Marauder  
  117  8:17  SCV  
  117  8:19  Marauder  
  119  8:34  Marine, Marauder  
  121  8:35  Marine, Marauder  
  125  8:43  Marine  
  125  8:46  Marauder  
  117  8:48  Marine  
  117  8:52  Marine  
  106  8:56  Marauder x2  
  106  9:00  Marine  
  106  9:01  Marine  
  100  9:06  Marine  
  100  9:07  Marauder  
  100  9:09  Marine  
  103  9:11  Medivac x2  
  110  9:17  Marauder  
  110  9:18  Marine, Marauder  
  110  9:20  Marine  
  114  9:24  Marine  
  114  9:27  Marine, Liberator  
  114  9:28  Liberator, Orbital Command  
  114  9:29  Marauder  
  107  9:36  Marine  
  92  9:38  Marauder  
  92  9:39  Marauder, SCV  
  92  9:41  Marine  
  95  9:50  Marauder  
  97  9:57  Marine x3  
  97  9:59  Marine  
  100  10:00  Marine, Marauder, Concussive Shells  
  100  10:01  Terran Infantry Armor Level 1  
  100  10:04  Supply Depot  
  101  10:10  Liberator  
  101  10:12  Marauder, Liberator  
  102  10:15  Marine x2  
  102  10:18  Marauder  
  106  10:22  Bunker  
  106  10:25  Marine x2, Marauder  
  106  10:27  Supply Depot  
  116  10:36  Marauder  
  116  10:39  Marine  
  116  10:40  Marauder  
  121  10:43  Supply Depot, Marine  
  121  10:47  Marauder  
  124  10:51  Marine x2  
  124  10:54  Liberator  
  126  10:57  Marine, Marauder  
  126  11:01  Marine x2  
  130  11:07  Marine  
  130  11:10  Marine  
  130  11:11  Marine  
  132  11:15  Marine  
  137  11:18  Marine  
  137  11:19  Marine, Marauder  
  141  11:25  Marine, Command Center  
  141  11:27  Engineering Bay, Liberator, Armory  
  141  11:28  Marine  
  141  11:29  Marine  
  133  11:37  Liberator  
  131  11:45  Marauder  
  133  11:57  Marine x2, Marauder x2  
  133  11:58  Marine x2  
  144  12:06  Marauder  
  143  12:09  Liberator  
  142  12:21  Marine x2  
  142  12:22  Marine x2, Marauder x2  
  150  12:26  Terran Infantry Weapons Level 2  
  150  12:27  Marauder, Barracks x2  
  151  12:36  Terran Infantry Armor Level 2, Liberator  
  151  12:52  Liberator  
  151  12:55  Marine  
  151  12:56  Marauder  
  151  12:57  Marauder x2  
  161  13:03  SCV x3  
  167  13:15  Barracks Tech Lab, SCV x2  
  167  13:16  Barracks Reactor, SCV  
  167  13:18  Liberator  
  170  13:25  Marine  
  170  13:26  Marine x3  
  174  13:28  Refinery  
  174  13:35  Liberator  
  174  13:39  Marauder  
  175  13:45  Marauder  
  175  13:48  Marine, Marauder  
  174  13:50  Marauder  
  174  13:52  Planetary Fortress  
  169  14:00  Marauder  
  168  14:06  Marine  
  168  14:07  Marauder  
  168  14:09  Marauder  
  173  14:13  SCV  
  167  14:20  Marauder  
  167  14:23  Marauder  
  169  14:25  Marine  
  164  14:32  Liberator  
  153  14:41  SCV x3  
  154  14:47  Refinery  
  157  14:53  SCV x3  
  157  14:57  SCV  
  161  15:01  Marauder  
  161  15:05  SCV x2  
  162  15:10  Ghost Academy, SCV x2  
  164  15:14  Medivac  
  164  15:17  SCV x2  
  164  15:20  Marauder  
  168  15:22  SCV x2  
  168  15:26  Marauder  
  172  15:29  SCV x2  
  172  15:32  Medivac  
  172  15:33  Refinery  
  172  15:34  SCV x2  
  176  15:47  Medivac  
  160  15:54  Marine, Marauder  
  160  15:55  Marauder  
Tags
 
Add a new tag
Caveats
  • Supply blocks, unpowered buildings, or Contaminate may cause inaccurate times.
  • Supply counts are checked every 10 seconds.